 Dungeon Crawl Stone Soup version 0.18-a0-327-gb1de508 (webtiles) character file.

223 Duffy the Cudgeler (level 6, 0/37 HPs)
             Began as a Tengu Fighter on Nov 27, 2015.
             Succumbed to an adder's poison
             ... on level 3 of the Dungeon.
             The game lasted 00:03:08 (2952 turns).

Duffy the Cudgeler (Tengu Fighter)                  Turns: 2952, Time: 00:03:08

Health: 0/37       AC:  6    Str: 18    XL:     6   Next: 0%
Magic:  7/7        EV: 12    Int: 14    God:
Gold:   75         SH:  9    Dex: 18    Spells: 0 memorised, 5 levels left

rFire  + . .     SeeInvis .     a - +0 flail
rCold  + . .     Clarity  .     b - +0 scale mail
rNeg   . . .     SustAt   .     c - +0 shield
rPois  +         Gourm    .     (helmet restricted)
rElec  +         Spirit   .     (no cloak)
rCorr  +         Warding  .     (no gloves)
rMut   .         Stasis   .     (boots unavailable)
MR     .....                    (no amulet)
Stlth  +.........               (no ring)
                                (no ring)

@: brilliant, agile, lethally poisoned (0 -> -3), resistant, not resistant to
hostile enchantments, very unstealthy
A: beak, talons 3, able to fly 1
a: Fly


You were on level 3 of the Dungeon.
You were not hungry.

You visited 1 branch of the dungeon, and saw 3 of its levels.

You collected 75 gold pieces.


Innate Abilities, Weirdness & Mutations

You have a beak for a mouth.
You have claws for feet.
You can fly.


   Skills:
 + Level 3.1 Fighting
 + Level 6.5 Maces & Flails
 - Level 3.2 Armour
 - Level 3.0 Shields


You had 5 spell levels left.
You didn't know any spells.

Inventory:

Hand Weapons
 a - a +0 flail (weapon)
Missiles
 m - 15 poisoned needles
Armour
 b - a +0 scale mail (worn)
 c - a +0 shield (worn)
Wands
 s - a wand of cold (3)
Scrolls
 g - 3 scrolls of identify {unknown}
 j - a scroll of magic mapping {unknown}
 k - a scroll of recharging {unknown}
 p - a scroll of fear {unknown}
Potions
 d - 2 potions of might
 f - a potion of agility
 n - a potion of flight {unknown}
 o - a potion of degeneration {unknown}
 q - a potion of cancellation {unknown}
Comestibles
 e - 2 bread rations
 h - 4 meat rations
 t - 2 fruits

Dungeon Overview and Level Annotations

Branches:
Dungeon (3/15)

Altars:
Ashenzari
Dithmenos
Kikubaaqudgha


Message History

You completely miss the adder. Your peck misses the adder.
The adder barely misses you. You block the adder's attack.
You closely miss the adder.
You feel sick. The adder barely misses you.
You closely miss the adder. You claw the adder. Your peck misses the adder.
The adder is lightly wounded.
The adder bites you but does no damage. The adder bites you.
You are lethally poisoned!
The adder poisons you!
You miss the adder. You claw the adder. Your peck misses the adder.
The adder is heavily wounded.
You block the adder's attack. x2
Your shield and scale mail prevent you from hitting the adder.
You claw the adder. Your peck misses the adder.
The adder is severely wounded.
You feel sick. You block the adder's attack.
You miss the adder. You claw the adder. You peck the adder.
The adder is almost dead.
The adder bites you.
You sock the adder!
You kill the adder!
You have reached level 6!
Your experience leads to an increase in your attributes!
Increase (S)trength, (I)ntelligence, or (D)exterity?
You feel stronger.
You feel sick.
Drink which item? (? for menu, Esc to quit)
It was a potion of agility.
You feel agile all of a sudden.
Drink which item? (? for menu, Esc to quit)
It was a potion of resistance.
You feel protected.
Drink which item? (? for menu, Esc to quit)
It was a potion of brilliance.
You feel clever all of a sudden.
You die...

#. #######
#.#####~~~~~
#......~#~~ #
#......~#~###~#
.......~#~~~~~#~
#.....~~~~~~~~~
+......@.......
##......########
........# ..>.....#
.......<######
.............######.#
..##................#
. #..........#######
#..........#


There were no monsters in sight!

Action                   |  1- 3 |  4- 6 || total
-------------------------+-------+-------++-------
Melee: Flail             |   109 |   131 ||   240
  Use: Potion            |       |     3 ||     3
  Eat: Chunk             |     2 |     5 ||     7

Notes
Turn   | Place    | Note
--------------------------------------------------------------
     0 | D:1      | Duffy the Tengu Fighter began the quest for the Orb.
     0 | D:1      | Reached XP level 1. HP: 14/14 MP: 2/2
   254 | D:1      | Reached skill level 3 in Maces & Flails
   254 | D:1      | Reached XP level 2. HP: 19/19 MP: 3/3
   813 | D:1      | Reached XP level 3. HP: 19/23 MP: 4/4
  1088 | D:1      | Reached skill level 4 in Maces & Flails
  1417 | D:2      | Reached XP level 4. HP: 28/28 MP: 5/5
  1485 | D:2      | Found an ancient bone altar of Kikubaaqudgha.
  1521 | D:2      | Found a shadowy altar of Dithmenos.
  1522 | D:2      | Found a shattered altar of Ashenzari.
  1619 | D:2      | Reached skill level 5 in Maces & Flails
  2023 | D:1      | Gained mutation: You can fly. [Tengu growth]
  2023 | D:1      | Reached XP level 5. HP: 11/32 MP: 6/6
  2641 | D:3      | Reached skill level 6 in Maces & Flails
  2949 | D:3      | Reached XP level 6. HP: 1/37 MP: 7/7
  2952 | D:3      | Succumbed to an adder's poison

Vault maps used:
D:1:      minmay_arrival_four_loops, serial_bayou_crossing
D:2:      lemuel_zombie_altar_kikubaaqudgha, gammafunk_temple_overflow_statue,
          minmay_tree_intersection, cheibrodos_gnoll_hut
D:3:      first_bread, kennysheep_flooded_box, minmay_crystal_water

Vanquished Creatures
  2 hounds
  An orc wizard
  A gnoll
  5 adders
  3 oozes
  3 orcs
  A ball python
  2 bat zombies
  9 hobgoblins
  12 kobolds
  8 bats
  2 giant cockroaches
  4 giant newts
  8 goblins
  7 jackals
  4 rats
  A rat zombie
  A plant
74 creatures vanquished.
